 Dungeon Crawl Stone Soup version 0.30.1 (webtiles) character file.

Game seed: 15921518532457588125

2810 cheesebisquit the Insei (level 9, -1/60 (61) HPs)
             Began as an Octopode Transmuter on July 1, 2023.
             Was an Initiate of Gozag.
             Slain by Psyche
             ... wielding a +0 dagger of chaos
              (4 damage)
             ... on level 8 of the Dungeon.
             The game lasted 00:37:11 (9521 turns).

cheesebisquit the Insei (Octopode Transmuter)       Turns: 9521, Time: 00:37:12

HP:   -1/60 (61)    AC:  2    Str: 16    XL:     9   Next: 72%
MP:   23/23         EV: 22    Int: 19    God:    Gozag
Gold: 392           SH:  0    Dex: 17    Spells: 5/15 levels left

rFire   . .          .
                       - Unarmed
rCold   . . .        m - melded +0 buckler
rNeg    . . .        (helmet currently unavailable)
rPois   x            l - amulet of magic regeneration
rElec   .            r - ring of resist corrosion
rCorr   +            w - ring of magical power
SInv    .            A - +6 ring of strength
Will    .....        (no ring)
Stlth   +++          (no ring)
HPRegen 0.30/turn    (no ring)
MPRegen 0.58/turn    (no ring)
                     (no ring)

%: no passive effects
@: spider-form, wereblooded, gold aura, lightly drained
A: venomous fangs, almost no armour, (amphibious), 8 rings, tiny, (camouflage
1), (gelatinous body 1), (nimble swimmer 1), (tentacles)
a: End Transformation, Renounce Religion, Potion Petition, Call Merchant, Bribe
Branch


You were on level 8 of the Dungeon.
You worshipped Gozag.
Gozag was aware of your devotion.
You were a venomous arachnid creature.
You visited 2 branches of the dungeon, and saw 9 of its levels.

You collected 944 gold pieces.
You paid 552 gold pieces to Gozag.

Inventory:

Missiles
 i - 18 poisoned darts
 v - 4 boomerangs
 z - a curare-tipped dart
 E - 3 silver javelins
Armour
 f - a +0 tower shield
 m - a +0 buckler (melded)
Jewellery
 l - an amulet of magic regeneration (around neck)
 r - a ring of resist corrosion (left front pincers)
 w - a ring of magical power (right front pincers)
 A - a +6 ring of strength (on tentacle)
 G - a ring of protection from fire
Wands
 p - a wand of polymorph (16)
 F - a wand of roots (14)
Scrolls
 d - a scroll of enchant armour {unknown}
 j - a scroll of silence
 k - 3 scrolls of teleportation
 o - 2 scrolls of fog
 u - a scroll of blinking
 y - a scroll of fear {unknown}
 B - a scroll of enchant weapon {unknown}
 C - a scroll of immolation {unknown}
 D - a scroll of noise {unknown}
Potions
 a - a potion of lignification
 b - a potion of flight {unknown}
 c - a potion of curing
 e - a potion of brilliance
 g - a potion of invisibility {unknown}
 h - a potion of magic {unknown}
 n - a potion of resistance {unknown}
 q - 2 potions of might
 s - 2 potions of mutation {unknown}
 t - a potion of ambrosia {unknown}
 x - a potion of degeneration {unknown}


   Skills:
 + Level 5.5 Fighting
 + Level 5.4 Dodging
 - Level 5.0 Stealth
 - Level 5.0 Shields
 * Level 6.0 Unarmed Combat
 + Level 3.8 Spellcasting
 + Level 4.0 Transmutations
 + Level 2.0 Ice Magic
 + Level 4.1 Poison Magic


You had 5 spell levels left.
You knew the following spells:

 Your Spells              Type           Power      Damage    Failure   Level
a - Beastly Appendage     Tmut           38%        N/A       10%         1
b - Wereblood             Tmut           19%        N/A       13%         2
c - Spider Form           Tmut/Pois      19%        N/A       21%         3
d - Ice Form              Ice/Tmut       15%        N/A       58%         4

Your spell library contained the following spells:

 Spells                   Type           Power      Damage    Failure   Level
 Cigotuvi's Dreadful Rot  Necr/Pois/Air  16%        N/A       28%         2
 Ignite Poison            Fire/Tmut/Pois 14%        N/A       32%         3
 Freezing Cloud           Conj/Ice/Air   3%         6-21      99%         5


Dungeon Overview and Level Annotations

Branches:
Dungeon (8/15)             Temple (1/1) D:4
   Lair: D:8-11

Altars:
Dithmenos
Elyvilon
Gozag
Hepliaklqana
Kikubaaqudgha
Makhleb
Qazlal
Ru
Sif Muna
Trog
Uskayaw
Vehumet
Wu Jian
Xom
Yredelemnul
Zin
The Shining One

Shops:
D:7 :

Annotations:
D:7 Joseph
D:8 Psyche


Innate Abilities, Weirdness & Mutations

You are a venomous arachnid creature.
You have venomous fangs.
You are tiny and dextrous.
Your spellcasting is less reliable in this form.
Your armour is entirely melded.
You are incapable of wielding weapons or throwing items.
You cannot wear most types of armour.
((You are amphibious.))
You can wear up to eight rings at the same time.
((Your skin changes colour to match your surroundings (Stealth+).))
((Your rubbery body absorbs attacks. (AC +1, EV +1)))
((You are camouflaged when in or above water. (Stealth+)))
((You have tentacles for arms and can constrict up to eight enemies at once.))


Message History

The bullfrog attacks as you move away! The bullfrog closely misses you.
* * * LOW HITPOINT WARNING * * *
You feel very sick.
You hear some strange, mumbled words.
Something tries to affect you, but you resist.
You feel better. The bullfrog completely misses you. The bullfrog hits you.
You hit the bullfrog but do no damage.
The bullfrog is poisoned.
The bullfrog misses you.
You hit the bullfrog but do no damage.
The bullfrog looks as sick as possible!
The bullfrog is lightly wounded.
The bullfrog misses you. The bullfrog barely misses you. Something hits you.
Something freezes you. Something hits you.
* * * LOW HITPOINT WARNING * * *
Really crawl into a travel-excluded area?
Uppercase [Y]es or [N]o only, please.
Really crawl into a travel-excluded area?
Uppercase [Y]es or [N]o only, please.
Really crawl into a travel-excluded area?
Okay, then.
Really crawl into a travel-excluded area? [Y]es or [N]o only, please.
Really crawl into a travel-excluded area?
You hit something.
You hear some strange, mumbled words.
Something tries to affect you, but you resist.
Really crawl into a travel-excluded area? [Y]es or [N]o only, please.
Really crawl into a travel-excluded area?
You closely miss something. Something hits you.
* * * LOW HITPOINT WARNING * * *
The bullfrog hits you!
* * * LOW HITPOINT WARNING * * *
Really crawl into a travel-excluded area?
The bullfrog completely misses you. The bullfrog attacks as you move away!
The bullfrog misses you. Something hits you.
* * * LOW HITPOINT WARNING * * *
Something hits you.
You die...
Your body crumbles into a pile of gold.

#.......
#...... #....
#$o## #o.#
#.o## #####..#
###....F.##
##........s#
##..........##
##..........<.#
#.............#
#..........##.#
##....)...#####
###.....##
###..## ####


You could see a bullfrog (very poisoned), an orc wizard and 2 orcs.

Vanquished Creatures
  Sigmund (D:6)
  Eustachio (D:6)
  Edmund (D:6)
  Duvessa (D:5)
  2 water moccasins
  An ice beast (D:7)
  An ogre (D:7)
  A centaur (D:5)
  A bullfrog (D:7)
  2 kobold brigands
  2 scorpions
  10 wights
  Dowan (D:5)
  6 killer bees (D:7)
  A howler monkey (D:5)
  4 jellies
  2 orc priests
  2 iguanas (D:4)
  8 orc wizards
  8 adders
  2 shadow imps
  An ufetubus (D:6)
  3 worms
  3 dart slugs
  17 orcs
  8 ball pythons
  3 bats
  6 endoplasms
  5 giant cockroaches
  4 hobgoblins
  15 jackals
  2 quokkas (D:2)
  6 frilled lizards
  13 kobolds
  5 rats
149 creatures vanquished.

Notes
Turn   | Place    | Note
-------+----------+-------------------------------------------
     0 | D:1      | cheesebisquit the Octopode Transmuter began the quest for
                  | the Orb.
     0 | D:1      | Reached XP level 1. HP: 13/13 MP: 3/3
   468 | D:1      | Reached XP level 2. HP: 18/18 MP: 1/5
  1000 | D:2      | Learned a level 2 spell: Wereblood
  1069 | D:2      | Reached XP level 3. HP: 23/23 MP: 6/6
  1134 | D:2      | Learned a level 3 spell: Spider Form
  1636 | D:2      | Found a faded altar of an unknown god.
  1683 | D:2      | Found a glowing golden altar of the Shining One.
  1735 | D:3      | Reached XP level 4. HP: 29/29 MP: 5/7
  1865 | D:3      | Reached skill level 1 in Shields
  1865 | D:3      | Reached skill level 4 in Unarmed Combat
  2800 | D:3      | Reached XP level 5. HP: 34/34 MP: 3/8
  3094 | D:4      | Found a staircase to the Ecumenical Temple.
  3108 | Temple   | Entered the Ecumenical Temple
  3161 | Temple   | Became a worshipper of Gozag Ym Sagoz the Greedy
  3347 | D:4      | Reached skill level 1 in Stealth
  3519 | D:4      | Reached XP level 6. HP: 41/41 MP: 9/9
  4091 | D:5      | Entered Level 5 of the Dungeon
  4138 | D:5      | Noticed Duvessa
  4138 | D:5      | Noticed Dowan
  4311 | D:5      | Found a radiant altar of Vehumet.
  4552 | D:5      | Reached skill level 5 in Unarmed Combat
  4631 | D:5      | Reached XP level 7. HP: 46/46 MP: 10/10
  5047 | D:5      | Found a burning altar of Makhleb.
  5308 | D:6      | Found a sacrificial altar of Ru.
  5387 | D:6      | Noticed Sigmund
  5402 | D:6      | Killed Sigmund
  5403 | D:6      | Reached XP level 8. HP: 43/54 MP: 11/11
  5505 | D:6      | Reached skill level 5 in Dodging
  5656 | D:6      | Reached skill level 5 in Fighting
  5762 | D:6      | Noticed Eustachio
  5911 | D:6      | Reached skill level 5 in Shields
  6009 | D:6      | Reached skill level 1 in Poison Magic
  6141 | D:6      | Learned a level 4 spell: Ice Form
  6155 | D:6      | Noticed Edmund
  6268 | D:6      | Killed Eustachio
  6411 | D:6      | Killed Edmund
  6583 | D:6      | Found a sacrificial altar of Ru.
  7139 | D:5      | Found a burning altar of Makhleb.
  7235 | D:5      | Found a radiant altar of Vehumet.
  7611 | D:5      | Killed Duvessa
  7612 | D:5      | Killed Dowan
  7613 | D:5      | Reached XP level 9. HP: 38/61 MP: 13/13
  8173 | D:7      | Reached skill level 1 in Ice Magic
  8454 | D:6      | Reached skill level 5 in Stealth
  9079 | D:7      | Noticed Joseph
  9320 | D:7      | Reached skill level 6 in Unarmed Combat
  9495 | D:8      | Noticed Psyche
  9521 | D:8      | HP: 3/60 [something (6)]
  9521 | D:8      | Slain by Psyche

Illustrated notes

Levels and vault maps discovered:
D:1:      heliophobic_arrival_glass_houses, layout_loops_ring
D:2:      minmay_spotlight, layout_basic, basic_altar,
          shapermc_ecumenical_altar_petra
D:3:      layout_basic
D:4:      layout_basic, minmay_temple_entry_junction
D:5:      dreamdust_elfheim, layout_basic, lemuel_doored_altar,
          marbit_many_paths, corner_web_ring
D:6:      layout_rooms, nicolae_ru_great_annihilating_truth, uniq_edmund,
          uniq_eustachio, uniq_sigmund
D:7:      layout_cave_pools, uniq_joseph
D:8:      layout_cave_pods, lemuel_crystal_altar, grunt_temple_overflow_open,
          uniq_maurice, uniq_psyche, uniq_maggie
Temple:   nicolae_temple_ecumenical_triangle

Skill      XL: |  1  2  3  4  5  6  7  8  9 |
---------------+----------------------------+-----
Shields        | 1 2 4 5 |  5.0
Unarmed Combat | 4 5 6 |  6.0
Fighting       | 2 3 4 5 |  5.5
Dodging        | 3 4 5 |  5.4
Stealth        | 2 4 5 |  5.0
Poison Magic   | 3 4 |  4.1
Transmutations | 3 4 |  4.0
Spellcasting   | 3 |  3.8
Ice Magic      | 2 |  2.0

Action                     |  1- 3 |  4- 6 |  7- 9 || total
---------------------------+-------+-------+-------++-------
  Melee: Unarmed           |    73 |   115 |   190 ||   378
         Kick              |    24 |    36 |    40 ||   100
         Constrict         |    18 |    29 |    27 ||    74
         Tentacles         |     6 |    22 |    23 ||    51
         Punch             |     1 |     4 |     3 ||     8
  Throw: Dart              |       |       |     1 ||     1
   Cast: Beastly Appendage |    23 |    35 |    24 ||    82
         Wereblood         |     7 |    27 |    26 ||    60
         Spider Form       |       |       |    11 ||    11
 Invoke: Call Merchant     |       |       |     1 ||     1
    Use: Potion            |       |     1 |     6 ||     7
         Scroll            |       |     5 |     1 ||     6
   Stab: Sleeping          |     3 |     8 |     6 ||    17
         Distracted        |       |       |     2 ||     2
         Paralysed         |       |       |     1 ||     1
 Armour: Skin              |     6 |     7 |     5 ||    18
  Dodge: Dodged            |    31 |    70 |   123 ||   224
  Block: Buckler           |     7 |    16 |    16 ||    39
